 Dungeon Crawl Stone Soup version 0.30-b1-2-g02819fbbbe (webtiles) character file.

Game seed: 3738714745238208490

3608 Drakonis1988 the Cleaver (level 9, -6/76 (81) HPs)
             Began as a Minotaur Fighter on July 6, 2023.
             Was a Follower of Okawaru.
             Mangled by a +1 war axe of chaos (15 damage)
             ... on level 7 of the Dungeon.
             The game lasted 00:14:08 (5505 turns).

Drakonis1988 the Cleaver (Minotaur Fighter)         Turns: 5505, Time: 00:14:08

HP:   -6/76 (81)    AC: 10    Str: 24    XL:     9   Next: 86%
MP:   0/0           EV: 13    Int:  5    God:    Okawaru [*.....]
Gold: 342           SH:  5    Dex: 11    Spells: 8/8 levels left

rFire   . . .        a - +0 war axe
rCold   . . .        c - +0 buckler
rNeg    . . .        x - +4 leather armour of a Gauntlet {Rampage +Inv MP-9 Stlth+}
rPois   .            (helmet restricted)
rElec   .            r - +0 cloak
rCorr   .            (no gloves)
SInv    .            n - +0 pair of boots
Will    .....        o - amulet of regeneration
Stlth   ++           (no ring)
HPRegen 1.12/turn    (no ring)
MPRegen 0.07/turn

%: rampage
@: drained
A: horns 2, retaliatory headbutt
a: Renounce Religion, Evoke Invisibility, Heroism


You were on level 7 of the Dungeon.
You worshipped Okawaru.
Okawaru was aware of your devotion.
You visited 2 branches of the dungeon, and saw 8 of its levels.

You collected 342 gold pieces.

Inventory:

Hand Weapons
 a - a +0 war axe (weapon)
Armour
 b - a +0 scale mail
 c - a +0 buckler (worn)
 n - a +0 pair of boots (worn)
 r - a +0 cloak (worn)
 x - the +4 leather armour of a Gauntlet (worn) {Rampage +Inv MP-9 Stlth+}
   (You found it on level 5 of the Dungeon)

   MP:        It affects your magic capacity (-9).
   +Inv:      It lets you turn invisible.
   Rampage:   It bestows one free step when moving towards enemies.
   Stlth:     It makes you more stealthy.
Jewellery
 o - an amulet of regeneration (around neck)
 t - an amulet of reflection
Wands
 s - a wand of flame (21)
 B - a wand of quicksilver (12)
Scrolls
 e - a scroll of magic mapping {unknown}
 i - 2 scrolls of fog
 j - a scroll of fear {unknown}
 k - 3 scrolls of vulnerability
 l - a scroll of blinking {unknown}
 m - a scroll of amnesia {unknown}
 u - a scroll of summoning {unknown}
 w - a scroll of teleportation {unknown}
 y - a scroll of poison {unknown}
 z - a scroll of enchant armour {unknown}
 A - a scroll of immolation {unknown}
Potions
 d - 5 potions of might
 f - 2 potions of flight {unknown}
 g - 6 potions of attraction
 h - 2 potions of invisibility {unknown}
 p - 2 potions of haste {unknown}
 q - 5 potions of mutation {unknown}
 v - 2 potions of brilliance {unknown}


   Skills:
 + Level 7.8 Fighting
 * Level 10.1 Axes
 + Level 7.9 Armour
 + Level 6.0 Dodging
 + Level 7.8 Shields
 + Level 0.0 Invocations


You had 8 spell levels left.
You didn't know any spells.
Your spell library contained the following spells:

 Spells                   Type           Power      Damage    Failure   Level
 Apportation              Tloc           0%         N/A       56%         1
 Blink                    Tloc           0%         N/A       71%         2
 Ensorcelled Hibernation  Hex/Ice        0%         N/A       71%         2
 Passwall                 Tmut/Erth      0%         N/A       71%         2
 Inner Flame              Hex/Fire       0%         N/A       91%         3
 Swiftness                Air            0%         N/A       91%         3
 Anguish                  Hex/Necr       0%         N/A       100%        4
 Flame Wave               Conj/Fire      0%         2d4       100%        4
 Manifold Assault         Tloc           0%         N/A       100%        4
 Sticky Flame             Conj/Fire      0%         2d3       100%        4
 Alistair's Intoxication  Tmut/Pois      0%         N/A       100%        5
 Enfeeble                 Hex            0%         N/A       100%        7
 Storm Form               Tmut/Air       0%         N/A       100%        7


Dungeon Overview and Level Annotations

Branches:
Dungeon (7/15)             Temple (1/1) D:6

Altars:
Ashenzari
Cheibriados
Dithmenos
Fedhas
Hepliaklqana
Kikubaaqudgha
Makhleb
Nemelex Xobeh
Okawaru
Qazlal
Ru
Sif Muna
Trog
Uskayaw
Vehumet
Wu Jian
Xom
Zin
The Shining One

Shops:
D:1 =

Annotations:
D:7 raph's ghost, novice DEFE


Innate Abilities, Weirdness & Mutations

You have a pair of horns on your head.
You reflexively headbutt those who attack you in melee.


Message History

Found 20 gold pieces.
Raph's ghost turns its malevolent gaze towards you.
Press: ? - help, v - describe, . - travel
Here: a +1 war axe of chaos (fire blocked by a translucent stone wall)
The floor.
You open the door. You miss the +1 war axe of chaos.
The +1 war axe of chaos hits you!!
You feel drained. The +1 war axe of chaos hits you.
You are poisoned.
You slash the +1 war axe of chaos!
The +1 war axe of chaos is heavily damaged.
You feel sick. The +1 war axe of chaos hits you!
You hit the +1 war axe of chaos.
Your headbutt misses the +1 war axe of chaos.
The +1 war axe of chaos is severely damaged.
You feel sick. The +1 war axe of chaos hits you. x2
You barely miss the +1 war axe of chaos.
The +1 war axe of chaos is severely damaged.
You feel sick. The +1 war axe of chaos misses you.
You hit the +1 war axe of chaos but do no damage.
The +1 war axe of chaos is severely damaged.
You feel sick.
The +1 war axe of chaos closely misses you.
The +1 war axe of chaos completely misses you.
You completely miss the +1 war axe of chaos.
Your headbutt misses the +1 war axe of chaos.
The +1 war axe of chaos is severely damaged.
You feel sick. The +1 war axe of chaos hits you!
* * * LOW HITPOINT WARNING * * *
Space warps around you.
* * * LOW HITPOINT WARNING * * *
You slash the +1 war axe of chaos!
Your headbutt misses the +1 war axe of chaos.
The +1 war axe of chaos is almost destroyed.
You feel sick.
You are no longer poisoned.
The +1 war axe of chaos hits you!
* * * LOW HITPOINT WARNING * * *
You feel drained. The +1 war axe of chaos hits you!
You die...

#.# #.# #.# ##'## #.#
##..†# #.#### ##..††.
#.##.## ##......
##.#...####.......
###.........'.......
##.#..#...####.......
#$W(@..#.## ##......
##!#......# ##.....
###...##.# ##...#
###.# .# ##+## #.# .#
#.# .# .. .#


You could see a +1 war axe of chaos and raph's ghost.

Vanquished Creatures
  Sigmund (D:3)
  Eustachio (D:5)
  Menkaure (D:7)
  4 water moccasins
  2 sky beasts
  2 black bears
  3 ogres
  4 ice beasts
  A centaur (D:6)
  A phantom (D:6)
  A gnoll sergeant (D:5)
  2 scorpions
  16 killer bees
  An orc priest (D:5)
  4 jellies (D:4)
  Crazy Yiuf (D:2)
  A hound (D:3)
  2 iguanas
  4 sleepcaps
  An orc wizard (D:5)
  Natasha (thrice) (D:2)
  12 gnolls
  7 adders
  A shadow imp (D:7)
  A white imp (D:7)
  7 worms
  3 dart slugs
  12 orcs
  4 endoplasms
  4 giant cockroaches
  8 goblins
  4 hobgoblins
  A jackal (D:3)
  8 kobolds
  4 quokkas
  7 ball pythons
  5 bats
  3 frilled lizards
  2 rats
149 creatures vanquished.

Vanquished Creatures (others)
  A goblin (D:3)
  A plant (D:1)
2 creatures vanquished.

Grand Total: 151 creatures vanquished

Notes
Turn   | Place    | Note
-------+----------+-------------------------------------------
     0 | D:1      | Drakonis1988 the Minotaur Fighter began the quest for the
                  | Orb.
     0 | D:1      | Reached XP level 1. HP: 19/19 MP: 0/0
    51 | D:1      | Found a faded altar of an unknown god.
   101 | D:1      | Reached XP level 2. HP: 27/27 MP: 1/1
   325 | D:1      | Found Inwomeczu's Jewellery Shop.
  1010 | D:2      | Reached XP level 3. HP: 33/33 MP: 2/2
  1024 | D:2      | Noticed Natasha
  1029 | D:2      | Killed Natasha
  1030 | D:2      | Reached skill level 3 in Axes
  1072 | D:2      | Found a runed translucent door.
  1073 | D:2      | Noticed Crazy Yiuf
  1369 | D:2      | Reached XP level 4. HP: 37/40 MP: 3/3
  1491 | D:2      | Noticed Natasha
  1496 | D:2      | Killed Natasha
  1497 | D:2      | Reached skill level 1 in Dodging
  1577 | D:2      | Noticed Natasha
  1587 | D:2      | Killed Natasha
  1588 | D:2      | Reached skill level 4 in Axes
  1588 | D:2      | Reached XP level 5. HP: 36/47 MP: 4/4
  1666 | D:2      | Killed Crazy Yiuf
  1803 | D:3      | Noticed Sigmund
  2021 | D:3      | Killed Sigmund
  2022 | D:3      | Reached skill level 5 in Fighting
  2022 | D:3      | Reached skill level 5 in Axes
  2022 | D:3      | Reached skill level 5 in Armour
  2022 | D:3      | Reached skill level 5 in Shields
  2022 | D:3      | Reached XP level 6. HP: 56/56 MP: 5/5
  2046 | D:3      | Found a shimmering altar of Xom.
  2862 | D:3      | Reached XP level 7. HP: 20/61 MP: 6/6
  2975 | D:4      | Reached skill level 6 in Axes
  3261 | D:5      | Entered Level 5 of the Dungeon
  3297 | D:5      | Noticed Eustachio
  3309 | D:5      | Killed Eustachio
  3381 | D:5      | Reached XP level 8. HP: 59/70 MP: 7/7
  3456 | D:5      | Reached skill level 7 in Axes
  3659 | D:5      | Identified the +4 leather armour of a Gauntlet {Rampage
                  | +Inv MP-9 Stlth+}
  3815 | D:5      | Reached skill level 8 in Axes
  4074 | D:6      | Reached XP level 9. HP: 78/78 MP: 0/8
  4256 | D:6      | Reached skill level 5 in Dodging
  4266 | D:6      | Reached skill level 9 in Axes
  4385 | D:6      | Found a staircase to the Ecumenical Temple.
  4445 | Temple   | Entered the Ecumenical Temple
  4570 | Temple   | Became a worshipper of Warmaster Okawaru
  5234 | D:7      | Noticed Menkaure
  5240 | D:7      | Reached * piety under Okawaru
  5245 | D:7      | Killed Menkaure
  5441 | D:7      | Reached skill level 10 in Axes
  5488 | D:7      | Found a runed translucent door.
  5489 | D:7      | Found a shimmering altar of Xom.
  5489 | D:7      | Noticed raph's ghost (novice DEFE)
  5490 | D:7      | Noticed a +1 war axe of chaos
  5505 | D:7      | Mangled by a +1 war axe of chaos

Illustrated notes

Levels and vault maps discovered:
D:1:      beargit_arrival_diablo_church, layout_rooms, serial_shops,
          nicolae_shop_tiny_real_fake_doors, serial_forest,
          infiniplex_forest_straight_2, infiniplex_forest_clump_cross,
          infiniplex_forest_clump_small, infiniplex_forest_pool,
          infiniplex_forest_lined_2, ebering_ecumenical_altar_ruins,
          minmay_close_crescents
D:2:      layout_basic, uniq_natasha, uniq_crazy_yiuf_cottage
D:3:      layout_basic, xom_confusion_cloud, uniq_sigmund
D:4:      layout_rooms, nicolae_wormholes
D:5:      layout_basic, minmay_misc_feat_roman, uniq_eustachio
D:6:      layout_cave_pods, minmay_temple_entry_arrows
D:7:      minmay_evil_eye, layout_loops_corners, ebering_ghost_xom,
          uniq_menkaure
Temple:   hc_temple_tempest_star

Skill      XL: |  1  2  3  4  5  6  7  8  9 |
---------------+----------------------------+-----
Armour         | 4 5 6 7 |  7.9
Shields        | 4 5 6 7 |  7.8
Fighting       | 4 5 6 7 |  7.8
Axes           | 3 4 5 6 8 10 | 10.1
Dodging        | 1 2 3 4 6 |  6.0

Action                     |  1- 3 |  4- 6 |  7- 9 || total
---------------------------+-------+-------+-------++-------
  Melee: War axe           |    64 |    98 |   231 ||   393
         Headbutt          |    13 |    15 |    48 ||    76
    Use: Scroll            |       |       |     3 ||     3
   Stab: Sleeping          |       |       |     1 ||     1
 Armour: Scale mail        |    44 |    37 |    33 ||   114
         Leather armour    |       |       |    81 ||    81
  Dodge: Dodged            |    33 |    64 |   160 ||   257
  Block: Buckler           |     8 |    24 |    71 ||   103
